 Dungeon Sprint DCSS version 0.30-a0-1157-g2cc9ac7196 (webtiles) character file.

Game seed: 18259712380094318852

423500 123456 the Conqueror (level 19, 0/207 HPs)
             Began as a Minotaur Fighter on Apr 21, 2023.
             Was an Initiate of Gozag.
             Engulfed by Gloorx Vloq's foul pestilence (11 damage)
             ... in the Dungeon (Sprint IX: "|||||||||||||||||||||||||||||") on Apr 24, 2023.
             The game lasted 00:44:26 (13079 turns).

123456 the Conqueror (Minotaur Fighter)            Turns: 13079, Time: 00:44:26

Health: 0/207      AC: 60    Str: 34      XL:     19   Next: 22%
Magic:  18/18      EV: 15    Int:  3      God:    Gozag
Gold:   757        SH:  4    Dex:  9 (11) Spells: 18/18 levels left

rFire   + + +        b - +5 great mace of Tenacity {flame, rF++}
rCold   + + .        (shield currently unavailable)
rNeg    + + .        E - +16 crystal plate armour of Ikoesosy {+Inv Str+5}
rPois   +            (helmet restricted)
rElec   .            C - +2 cloak
rCorr   .            H - +2 pair of gloves
SInv    .            o - +3 pair of mountain boots {steadfast, rC+}
Will    +....        a - amulet "Kiafah" {Drain rPois rF++ Regen+ Int-5}
Stlth   ++           Z - ring "Amoroorch" {Str+4 Int+3 Slay+3}
HPRegen 2.14/turn    f - ring "Vuussup" {rPois rC+ rN++ Str-3 Slay+3}
MPRegen 0.16/turn

%: no teleportation
@: mighty, lethally poisoned (0 -> 0), hasted and slowed, invisible (expiring),
bribing [the Dungeon]
A: horns 2, retaliatory headbutt, large bone plates 1, deterioration 1,
regeneration 1, devolution 1
}: 9/17 runes: decaying, serpentine, barnacled, slimy, elven, silver, golden,
abyssal, gossamer
a: Renounce Religion, Evoke Invisibility, Potion Petition, Call Merchant, Bribe
Branch


You were in the Dungeon.
You worshipped Gozag.
Gozag was pleased with you.
You visited 1 branch You collected 52682 gold pieces.
You spent 11880 gold pieces at shops.
You paid 40045 gold pieces to Gozag.

Inventory:

Hand Weapons
 b - the +5 great mace of Tenacity (weapon) {flame, rF++}
   (You found it in the Dungeon)

   rF:        It greatly protects you from fire.
 N - a +6 great mace of holy wrath
Missiles
 P - 11 javelins
 S - a silver javelin (quivered)
Armour
 o - the +3 pair of mountain boots (worn) {steadfast, rC+}
   (You bought it in a shop in the Dungeon)

   Steadfast: It prevents involuntary movement, except for blinking,
   teleportation, or banishment.
   rC:        It protects you from cold.
 y - a +3 kite shield of reflection
 C - a +2 cloak (worn)
 E - the +16 crystal plate armour of Ikoesosy (worn) {+Inv Str+5}
   (You bought it in a shop in the Dungeon)

   Str:       It affects your strength (+5).
   +Inv:      It lets you turn invisible.
 H - a +2 pair of gloves (worn)
Jewellery
 a - the amulet "Kiafah" (around neck) {Drain rPois rF++ Regen+ Int-5}
   (You found it in the Dungeon)

   [amulet of regeneration]

   Int:       It affects your intelligence (-5).
   rF:        It greatly protects you from fire.
   rPois:     It protects you from poison.
   Regen:     It increases your rate of health regeneration.
   Drain:     It drains your maximum health when unequipped.
 c - a +3 ring of strength
 f - the ring "Vuussup" (right hand) {rPois rC+ rN++ Str-3 Slay+3}
   (You found it in the Dungeon)

   [ring of protection from cold]

   Str:       It affects your strength (-3).
   Slay:      It affects your accuracy & damage with ranged weapons and melee
   (+3).
   rC:        It protects you from cold.
   rPois:     It protects you from poison.
   rN:        It greatly protects you from negative energy.
 A - a +5 ring of evasion
 D - the amulet "Ypsajies" {Spirit rElec rPois Dex-2 Slay+5}
   (You bought it in a shop in the Dungeon)

   [amulet of guardian spirit]

   It causes incoming damage to be divided between your reserves of health and
   magic.
   Dex:       It affects your dexterity (-2).
   Slay:      It affects your accuracy & damage with ranged weapons and melee
   (+5).
   rElec:     It insulates you from electricity.
   rPois:     It protects you from poison.
 L - a ring of wizardry
 M - a +6 ring of dexterity
 T - the amulet of Butchery {Reflect Str+3 Int+2 SH+5}
   (You bought it in a shop in the Dungeon)

   [amulet of reflection]

   It reflects blocked missile attacks.
   Str:       It affects your strength (+3).
   Int:       It affects your intelligence (+2).
   SH:        It affects your SH (+5).
 V - a +4 ring of protection
 Z - the ring "Amoroorch" (left hand) {Str+4 Int+3 Slay+3}
   (You found it in the Dungeon)

   [ring of slaying]

   Str:       It affects your strength (+4).
   Int:       It affects your intelligence (+3).
   Slay:      It affects your accuracy & damage with ranged weapons and melee
   (+3).
Wands
 m - a wand of light (9)
Scrolls
 l - 2 scrolls of amnesia
 n - 2 scrolls of enchant weapon
 s - 11 scrolls of identify
 t - a scroll of fear
 v - 4 scrolls of fog
 Q - a scroll of summoning
 R - 3 scrolls of enchant armour
 X - a scroll of torment {unknown}
Potions
 d - 2 potions of might
 e - 5 potions of curing
 g - 7 potions of haste
 h - 9 potions of magic
 i - 3 potions of berserk rage
 k - a potion of invisibility
 u - 3 potions of mutation
 w - a potion of lignification {unknown}
 F - 2 potions of degeneration {unknown}
 O - 2 potions of brilliance
 W - a potion of attraction {unknown}
Miscellaneous
 j - a condenser vane (inert)
 p - the horn of Geryon (inert)


   Skills:
 O Level 27 Fighting
 O Level 27 Maces & Flails
 + Level 21.8 Throwing
 O Level 27 Armour
 O Level 27 Dodging
 O Level 27 Stealth
 O Level 27 Shields
 O Level 27 Evocations


You had 18 spell levels left.
You didn't know any spells.
Your spell library contained the following spells:

 Spells                   Type           Power      Damage    Failure   Level
 Inner Flame              Hex/Fire       0%         N/A       100%        3
 Yara's Violent Unravell  Hex/Tmut       0%         3d3       100%        5
 Discord                  Hex            0%         N/A       100%        8


Dungeon Overview and Level Annotations

Branches:
Dungeon (1/1)

Altars:
Cheibriados
Dithmenos
Elyvilon
Fedhas
Gozag
Hepliaklqana
Kikubaaqudgha
Makhleb
Nemelex Xobeh
Okawaru
Qazlal
Ru
Sif Muna
Trog
Uskayaw
Vehumet
Wu Jian
Xom
Yredelemnul
Zin
The Shining One
Jiyva
Lugonu

Shops:
D =[*=?(*([=(?(:[

Annotations:
D Gloorx Vloq, Nergalle


Innate Abilities, Weirdness & Mutations

You have a pair of horns on your head.
You reflexively headbutt those who attack you in melee.
You are partially covered in large bone plates. (SH +4)
Your body sometimes deteriorates upon taking damage.
Your natural rate of healing is unusually fast.
You have hidden genetic defects.


Message History

You feel sick. Gloorx Vloq hits you.
* * * LOW HITPOINT WARNING * * *
The Executioner gestures.
The Executioner seems to speed up.
Gloorx Vloq gestures at you. You block the poison arrow.
Okay, then.
You sock the Executioner! You burn the Executioner.
The Executioner is almost dead.
You feel sick.
The Executioner hits you but does no damage.
The Executioner misses you.
The Executioner hits you but does no damage. x4
Gloorx Vloq moans, "Submit, thou foisting bat-fowling cattle!"
Gloorx Vloq hits you but does no damage.
You bludgeon the Executioner!! You burn the Executioner.
You kill the Executioner!
The Executioner disappears in a puff of smoke!
You feel sick. Gloorx Vloq hits you!
* * * LOW HITPOINT WARNING * * *
Unknown command.
Gloorx Vloq attacks as you move away!
Gloorx Vloq hits you but does no damage.
You feel sick.
The Executioner disappears in a puff of smoke!
Gloorx Vloq calls on the powers of darkness!
Your body is wracked with pain!
* * * LOW HITPOINT WARNING * * *
You feel sick.
Gloorx Vloq hits you but does no damage.
Unknown command.
You flicker for a moment.
You feel sick.
Gloorx Vloq moans, "Capitulate, thou hateful hedge-born nert!"
Gloorx Vloq gestures at you. The foul vapour engulfs you.
* * * LOW HITPOINT WARNING * * *
Unknown command.
You die...
Your body crumbles into a pile of gold.

▓.▓.▓.▓.♣)♣.▓.▓.▓)▓.▓)▓.▓.▓.
▓.▓.▓.▓.♣.♣.▓.▓.▓.▓.▓)▓.▓[▓.
▓.▓.▓1▓.♣)♣○▓.▓.▓.▓.▓)▓.▓[▓.
▓.▓.▓.▓.♣)♣○▓.▓.▓.▓.▓)▓.▓.▓.
▓.▓.▓1▓.♣.♣○▓)▓.▓.▓.▓)▓.▓[▓.
▓.▓.▓&▓.♣)♣○▓.▓.▓.▓.▓.▓.▓[▓.
▓.▓.▓.▓.♣)♣○▓'▓.▓.▓.▓)▓.▓[▓.
▓.▓.▓§▓.♣)♣○▓[▓.▓.▓.▓.▓.▓[▓.
▓.▓.▓'▓.♣)♣@▓.▓.▓)▓.▓.▓.▓.▓.
▓.▓.▓.▓.♣.♣○▓.▓.▓)▓.▓.▓.▓[▓.
▓.▓.▓.▓.♣)♣&▓.▓.▓)▓.▓.▓.▓[▓.
▓.▓.▓&▓.♣)♣1▓.▓.▓.▓.▓∩▓.▓[▓.
▓.▓.▓.▓.▓.▓§▓.▓.▓.▓.▓.▓.▓[▓.
▓.▓.▓.▓.▓.▓.▓.▓.▓'▓.▓"▓.▓[▓.
▓.▓.▓.▓.▓.▓.▓.▓.▓.▓.▓=▓.▓[▓.
▓.▓.▓.▓.▓)▓.▓.▓.▓.▓.▓.▓.▓[▓.
▓.▓.▓&▓.▓.▓.▓.▓.▓.▓.▓=▓.▓[▓.


You could see Gloorx Vloq and an Executioner (summoned, fast).

Vanquished Creatures
  Cerebov (D)
  Antaeus (D)
  the Royal Jelly (D)
  Mnoleg (D)
  Lom Lobon (D)
  Dispater (D)
  2 ancient liches (D)
  An orb of fire (D)
  Mara (D)
  Mennas (D)
  Saint Roka (D)
  Frederick (D)
  Margery (D)
  Xtahua (D)
  A curse toe (D)
  A caustic shrike (D)
  Jory (D)
  Nikola (D)
  Geryon (D)
  4 golden dragons (D)
  A bone dragon (D)
  Rupert (D)
  An electric golem (D)
  4 tentacled monstrosities (D)
  22 Orb Guardians (D)
  2 quicksilver dragons (D)
  A lich (D)
  3 acid blobs (D)
  A death cob (D)
  Frances (D)
  A sphinx (D)
  Agnes (D)
  A storm dragon (D)
  Donald (D)
  A tengu reaver (D)
  Ilsuiw (D)
  6 shadow dragons (D)
  2 draconian monks (D)
  4 rockslimes (D)
  2 azure jellies (D)
  3 nagarajas (D)
  A fire giant (D)
  A draconian knight (D)
  3 frost giants (D)
  5 vault wardens (D)
  3 draconian scorchers (D)
  An emperor scorpion (D)
  2 draconian shifters (D)
  3 ghost moths (D)
  A draconian stormcaller (D)
  2 draconian annihilators (D)
  A broodmother (D)
  A quicksilver ooze (D)
  An ironbound preserver (D)
  2 very ugly things (D)
  5 vampire knights (D)
  An ironbound thunderhulk (D)
  5 green draconians (D)
  A dire elephant (D)
  A lorocyproca (D)
  An eleionoma (D)
  Azrael (D)
  A black draconian (D)
  5 purple draconians (D)
  5 red draconians (D)
  2 white draconians (D)
  A bunyip (D)
  3 mummy priests (D)
  An ettin (D)
  A merfolk impaler (D)
  6 yaktaur captains (D)
  3 fire dragons (D)
  2 deep elf high priests (D)
  A great orb of eyes (D)
  6 merfolk javelineers (D)
  An ice dragon (D)
  10 hydras (D)
  25 vault guards (D)
  Erolcha (D)
  An ironbound frostheart (D)
  A catoblepas (D)
  2 boulder beetles (D)
  4 merfolk aquamancers (D)
  An alligator (shapeshifter) (D)
  An alligator (D)
  4 centaur warriors (D)
  Erica (D)
  3 naga warriors (D)
  A spriggan berserker (D)
  2 naga sharpshooters (D)
  2 tengu warriors (D)
  A deep troll earth mage (D)
  An orc high priest (D)
  A shock serpent (D)
  2 hell knights (D)
  A pharaoh ant (D)
  6 swamp dragons (D)
  3 ironbound convokers (D)
  8 orc knights (D)
  2 wolf spiders (D)
  4 orc sorcerers (D)
  A mana viper (D)
  7 necromancers (D)
  A will-o-the-wisp (D)
  2 elephants (D)
  Maurice (D)
  7 moths of wrath (D)
  3 guardian serpents (D)
  A vault sentinel (D)
  4 naga magi (D)
  2 cane toads (D)
  A torpor snail (D)
  4 black mambas (D)
  4 demonic crawlers (D)
  A rime drake (D)
  A komodo dragon (D)
  A freezing wraith (D)
  4 guardian mummies (D)
  A wandering mushroom (D)
  An efreet (D)
  2 trolls (D)
  4 merfolk (D)
  A tyrant leech (D)
  A tarantella (D)
  3 blink frogs (D)
  A raiju (D)
  A snapping turtle (D)
  3 jumping spiders (D)
  2 large abominations (D)
  2 spriggans (D)
  A wraith (D)
  3 fire elementals (D)
  A basilisk (D)
  A golden eye (D)
  3 yaks (D)
  5 redbacks (D)
  A vampire mosquito (D)
  A chaos spawn (D)
  A redback (shapeshifter) (D)
  2 nagas (D)
  An acid dragon (D)
  A floating eye (D)
  2 water moccasins (D)
  2 hell hounds (D)
  7 orc warriors (D)
  A phantom (D)
  5 bullfrogs (D)
  2 howler monkeys (D)
  6 orc priests (D)
  An iguana (D)
  4 orc wizards (D)
  A shadow imp (D)
  6 orcs (D)
  A ball python (D)
  An endoplasm (D)
  A goblin (D)
  A hobgoblin (D)
  A rat (D)
  A fire vortex (D)
383 creatures vanquished.

Vanquished Creatures (collateral kills)
  A Killer Klown (D)
  An electric golem (D)
  4 Orb Guardians (D)
  A deep elf master archer (D)
  4 acid blobs (D)
  2 azure jellies (D)
  A rockslime (D)
  A draconian knight (D)
  A quicksilver ooze (D)
  5 vampire knights (D)
  An ironbound thunderhulk (D)
  A deep elf annihilator (D)
  A fire dragon (D)
  A deep elf high priest (D)
  A great orb of eyes (D)
  An entropy weaver (D)
  An ironbound frostheart (D)
  An alligator snapping turtle (D)
  A centaur warrior (D)
  A hell knight (D)
  A sea snake (D)
  A flayed ghost (D)
  A deep elf pyromancer (D)
  2 moths of wrath (D)
  8 spriggans (D)
  4 golden eyes (D)
  2 orc warriors (D)
  2 orcs (D)
52 creatures vanquished.

Vanquished Creatures (others)
  An orb of fire (D)
  5 royal mummies (D)
  A curse toe (D)
  An electric golem (D)
  A tentacled monstrosity (D)
  An Orb Guardian (D)
  3 liches (D)
  2 deep elf blademasters (D)
  12 sphinxes (D)
  A storm dragon (D)
  2 shadow dragons (D)
  A rockslime (D)
  2 deep elf sorcerers (D)
  3 fire giants (D)
  A quicksilver ooze (D)
  2 draconian stormcallers (D)
  An ironbound preserver (D)
  A vampire knight (D)
  2 stone giants (D)
  2 deep elf annihilators (D)
  2 mummy priests (D)
  A merfolk impaler (D)
  2 ettins (D)
  2 deep elf death magi (D)
  A shambling mangrove (D)
  2 deep elf high priests (D)
  A hydra (D)
  A centaur warrior (D)
  A deep troll shaman (D)
  2 orc high priests (D)
  A tengu warrior (D)
  A hell knight (D)
  2 deep troll earth magi (D)
  A sea snake (D)
  A spriggan druid (D)
  A naga ritualist (D)
  A glowing orange brain (D)
  A moth of wrath (D)
  A cyclops (D)
  A large abomination (D)
  14 guardian mummies (D)
  A wind drake (D)
  A hornet (D)
  A wraith (D)
  A spriggan (D)
  A warg (D)
  An orc warrior (D)
  2 white imps (D)
  5 orcs (D)
  9 ball lightnings (D)
  A fire vortex (D)
  2 foxfires (D)
110 creatures vanquished.

Grand Total: 545 creatures vanquished

Notes
Turn   | Place    | Note
-------+----------+-------------------------------------------
     0 | D        | 123456 the Minotaur Fighter began the quest for the Orb.
     0 | D        | Reached XP level 1. HP: 19/19 MP: 0/0
     8 | D        | Reached skill level 1 in Dodging
    19 | D        | Noticed a phantom
    19 | D        | Noticed an iguana
    22 | D        | Killed an iguana
    23 | D        | Reached skill level 5 in Fighting
    23 | D        | Reached XP level 2. HP: 23/29 MP: 1/1
    23 | D        | Reached XP level 3. HP: 29/36 MP: 2/2
    27 | D        | Reached skill level 5 in Maces & Flails
    33 | D        | Killed a phantom
    34 | D        | Reached skill level 5 in Armour
    34 | D        | Reached XP level 4. HP: 36/47 MP: 3/3
    78 | D        | Found a snail-covered altar of Cheibriados.
    78 | D        | Found a shadowy altar of Dithmenos.
    78 | D        | Found a white marble altar of Elyvilon.
    78 | D        | Found a blossoming altar of Fedhas.
    78 | D        | Found an opulent altar of Gozag.
    79 | D        | Found a hazy altar of Hepliaklqana.
    80 | D        | Found a viscous altar of Jiyva.
    81 | D        | Found an ancient bone altar of Kikubaaqudgha.
    82 | D        | Found a corrupted altar of Lugonu.
    83 | D        | Found a burning altar of Makhleb.
    84 | D        | Found a sparkling altar of Nemelex Xobeh.
    85 | D        | Found an iron altar of Okawaru.
    90 | D        | Found a stormy altar of Qazlal.
    92 | D        | Became a worshipper of Gozag Ym Sagoz the Greedy
    98 | D        | Found a sacrificial altar of Ru.
    99 | D        | Found a shimmering blue altar of Sif Muna.
   100 | D        | Found a bloodstained altar of Trog.
   101 | D        | Found a hide-covered altar of Uskayaw.
   102 | D        | Found a radiant altar of Vehumet.
   103 | D        | Found an ornate altar of the Wu Jian Council.
   104 | D        | Found a shimmering altar of Xom.
   105 | D        | Found a basalt altar of Yredelemnul.
   106 | D        | Found a glowing silver altar of Zin.
   107 | D        | Found a glowing golden altar of the Shining One.
   164 | D        | Noticed a troll
   164 | D        | Noticed a yak
   164 | D        | Noticed an orc warrior
   168 | D        | Killed an orc warrior
   169 | D        | Reached XP level 5. HP: 41/56 MP: 4/4
   172 | D        | Killed a yak
   173 | D        | Reached skill level 10 in Fighting
   173 | D        | Reached skill level 5 in Dodging
   173 | D        | Reached XP level 6. HP: 35/66 MP: 5/5
   180 | D        | Reached skill level 10 in Maces & Flails
   187 | D        | Killed a troll
   188 | D        | Reached XP level 7. HP: 36/74 MP: 6/6
   311 | D        | Noticed a troll
   311 | D        | Noticed a centaur warrior
   311 | D        | Noticed an efreet
   311 | D        | Noticed a boulder beetle
   311 | D        | Noticed a wraith
   311 | D        | Noticed a centaur warrior
   318 | D        | Killed a centaur warrior
   319 | D        | Reached XP level 8. HP: 39/86 MP: 7/7
   327 | D        | HP: 3/86 [efreet/fireball (38)]
   332 | D        | Killed an efreet
   332 | D        | HP: 4/86 [centaur warrior/arrow (11)]
   333 | D        | Reached skill level 10 in Armour
   336 | D        | Killed a centaur warrior
   337 | D        | Reached XP level 9. HP: 18/96 MP: 8/8
   341 | D        | Killed a troll
   630 | D        | Killed a boulder beetle
   631 | D        | Reached skill level 15 in Fighting
   631 | D        | Reached skill level 15 in Maces & Flails
   792 | D        | Got the Precepts of Enchantment
   808 | D        | Gained mutation: Your body sometimes deteriorates upon
                  | taking damage. [potion of mutation]
   808 | D        | Gained mutation: You are clumsy. (Dex -2) [potion of
                  | mutation]
   808 | D        | Gained mutation: You are partially covered in large bone
                  | plates. (SH +4) [potion of mutation]
   827 | D        | Noticed a black mamba
   827 | D        | Noticed a cane toad
   827 | D        | Noticed an elephant
   833 | D        | Killed an elephant
   834 | D        | Reached skill level 10 in Dodging
   836 | D        | Noticed a black mamba
   840 | D        | Killed a cane toad
   843 | D        | Killed a black mamba
   844 | D        | Reached XP level 10. HP: 105/108 MP: 9/9
   851 | D        | Killed a black mamba
   882 | D        | Noticed a torpor snail
   882 | D        | Noticed a catoblepas
   882 | D        | Noticed a four-headed hydra
   889 | D        | Killed a four-headed hydra
   890 | D        | Noticed an elephant
   893 | D        | Killed a catoblepas
   910 | D        | Killed a torpor snail
   921 | D        | Killed an elephant
  1013 | D        | Noticed a cane toad
  1022 | D        | Killed a cane toad
  1023 | D        | Reached XP level 11. HP: 108/121 MP: 10/10
  1169 | D        | Lost mutation: Your body sometimes deteriorates upon taking
                  | damage. [potion of mutation]
  1169 | D        | Lost mutation: You are clumsy. (Dex -2) [potion of
                  | mutation]
  1169 | D        | Gained mutation: Your natural rate of healing is unusually
                  | fast. [potion of mutation]
  1169 | D        | Gained mutation: You are agile. (Dex +4, Str/Int -1)
                  | [potion of mutation]
  1223 | D        | Noticed Maurice
  1239 | D        | Killed Maurice
  1261 | D        | Noticed Erica
  1267 | D        | Killed Erica
  1271 | D        | Bought a glowing plate armour for 676 gold pieces
  1271 | D        | Bought a runed plate armour for 676 gold pieces
  1310 | D        | Noticed an orc knight
  1314 | D        | Noticed an orc sorcerer
  1315 | D        | Noticed a sixfirhy
  1330 | D        | Killed an orc knight
  1340 | D        | Noticed an orc knight
  1347 | D        | Killed an orc sorcerer
  1359 | D        | Killed an orc knight
  1416 | D        | Noticed an orc knight
  1432 | D        | Killed an orc knight
  1437 | D        | Noticed an orc knight
  1454 | D        | Killed an orc knight
  1492 | D        | Found Xouqen's Book Boutique.
  1492 | D        | Noticed an orc sorcerer
  1492 | D        | Noticed an orc sorcerer
  1492 | D        | Noticed an orc high priest
  1493 | D        | Noticed an orc high priest
  1494 | D        | Found Eheasod's Weapon Shop.
  1495 | D        | Noticed an orc sorcerer
  1499 | D        | Killed an orc sorcerer
  1507 | D        | Killed an orc sorcerer
  1508 | D        | Reached skill level 15 in Armour
  1508 | D        | Found Reqig's Magic Scroll Boutique.
  1513 | D        | Killed an orc high priest
  1516 | D        | Found Onwyamm's Antique Weapon Shop.
  1518 | D        | Noticed an orc knight
  1520 | D        | Noticed an orc sorcerer
  1521 | D        | Noticed an orc high priest
  1522 | D        | Noticed an orc knight
  1530 | D        | Killed an orc knight
  1573 | D        | Bought a +5 morningstar of holy wrath for 410 gold pieces
  1577 | D        | Bought a scroll of enchant armour for 75 gold pieces
  1577 | D        | Bought a scroll of enchant weapon for 75 gold pieces
  1580 | D        | Bought an iridescent flail for 127 gold pieces
  1580 | D        | Identified the +9 flail of Drought {vamp, rN+ rCorr Dex-3}
                  | (You bought it in a shop in the Dungeon)
  1597 | D        | Noticed Erolcha
  1603 | D        | Killed Erolcha
  1741 | D        | Noticed a centaur warrior
  1741 | D        | Noticed a centaur warrior
  1741 | D        | Noticed a tengu warrior
  1741 | D        | Noticed a centaur warrior
  1741 | D        | Noticed an orc knight
  1741 | D        | Noticed a deep elf pyromancer
  1743 | D        | Noticed a deep elf pyromancer
  1743 | D        | Killed a centaur warrior
  1744 | D        | Noticed a stone giant
  1745 | D        | Noticed a glowing orange brain
  1745 | D        | Killed a deep elf pyromancer
  1746 | D        | Reached XP level 12. HP: 136/136 MP: 11/11
  1747 | D        | Noticed a fire dragon
  1747 | D        | Noticed a vampire knight
  1750 | D        | Noticed a frost giant
  1751 | D        | Paralysed by a floating eye for 4 turns
  1756 | D        | Killed a fire dragon
  1760 | D        | Killed a vampire knight
  1853 | D        | Noticed Saint Roka
  1875 | D        | HP: 1/136 [Saint Roka/+0 bardiche (22)]
  1884 | D        | HP: 5/136 [Saint Roka/divine providence (7)]
  1888 | D        | Killed Saint Roka
  1988 | D        | Noticed Nergalle
  2042 | D        | Noticed a merfolk impaler
  2042 | D        | Noticed an alligator snapping turtle
  2054 | D        | Killed an alligator snapping turtle
  2064 | D        | Killed a merfolk impaler
  2115 | D        | Noticed an alligator
  2115 | D        | Noticed a five-headed hydra
  2115 | D        | Noticed a shambling mangrove
  2115 | D        | Noticed a six-headed hydra
  2116 | D        | Noticed a bunyip
  2119 | D        | Killed a shambling mangrove
  2120 | D        | Killed a six-headed hydra
  2121 | D        | Noticed a six-headed hydra
  2122 | D        | Noticed an eleionoma
  2127 | D        | Killed a five-headed hydra
  2135 | D        | Killed an alligator
  2136 | D        | Reached skill level 15 in Dodging
  2138 | D        | Killed a six-headed hydra
  2144 | D        | Killed a bunyip
  2178 | D        | Killed a centaur warrior
  2187 | D        | Killed an eleionoma
  2192 | D        | Killed a tengu warrior
  2208 | D        | Reached XP level 13. HP: 148/148 MP: 12/12
  2273 | D        | Bought the amulet "Ypsajies" {Spirit rElec rPois Dex-2
                  | Slay+5} for 1040 gold pieces
  2286 | D        | Bought a polished crystal plate armour for 2720 gold pieces
  2286 | D        | Identified the +16 crystal plate armour of Ikoesosy {+Inv
                  | Str+5} (You bought it in a shop in the Dungeon)
  2306 | D        | Noticed a broodmother
  2317 | D        | Killed a broodmother
  2395 | D        | Noticed Donald
  2404 | D        | Killed Donald
  2472 | D        | Noticed a stone giant
  2472 | D        | Noticed a fire dragon
  2472 | D        | Noticed a lich
  2475 | D        | Noticed a fire giant
  2475 | D        | Killed a fire giant
  2475 | D        | Killed a fire dragon
  2476 | D        | Noticed a frost giant
  2477 | D        | Noticed an ettin
  2479 | D        | Noticed a storm dragon
  2482 | D        | Noticed an ettin
  2484 | D        | Noticed a fire giant
  2486 | D        | Killed an ettin
  2486 | D        | Killed a stone giant
  2488 | D        | Killed a storm dragon
  2488 | D        | Killed an ettin
  2488 | D        | Noticed a fire giant
  2677 | D        | Noticed an ironbound preserver
  2677 | D        | Noticed an ironbound thunderhulk
  2677 | D        | Noticed an ironbound preserver
  2680 | D        | Killed an ironbound preserver
  2686 | D        | Killed an ironbound preserver
  2689 | D        | Killed an ironbound thunderhulk
  2691 | D        | Noticed an ironbound thunderhulk
  2696 | D        | Noticed a dire elephant
  2696 | D        | Noticed a purple very ugly thing
  2697 | D        | Noticed a brown very ugly thing
  2698 | D        | Noticed a vault warden
  2700 | D        | Killed an ironbound thunderhulk
  2708 | D        | Killed a dire elephant
  2708 | D        | Noticed a sphinx
  2710 | D        | Killed a purple very ugly thing
  2711 | D        | Reached XP level 14. HP: 90/165 MP: 7/13
  2713 | D        | Killed a purple very ugly thing
  2719 | D        | Killed a vault warden
  2731 | D        | Killed a sphinx
  2800 | D        | Killed a frost giant
  2901 | D        | Noticed Jory
  2926 | D        | Killed Jory
  2927 | D        | Reached skill level 27 in Fighting
  2927 | D        | Reached skill level 27 in Maces & Flails
  3062 | D        | Noticed Nikola
  3063 | D        | Noticed Xtahua
  3065 | D        | Noticed Mennas
  3070 | D        | Killed Nikola
  3078 | D        | Killed Xtahua
  3107 | D        | Killed Mennas
  3231 | D        | Noticed Rupert
  3244 | D        | Killed Rupert
  3312 | D        | Bought a faintly glowing morningstar for 225 gold pieces
  3312 | D        | Identified the +6 morningstar of Zemamag {flame, rPois
                  | SInv} (You bought it in a shop in the Dungeon)
  3312 | D        | Bought the +8 whip "Snakebite" {venom, curare, rPois} for
                  | 1355 gold pieces
  3312 | D        | Found the +8 whip "Snakebite" {venom, curare, rPois}
  3714 | D        | Reached skill level 1 in Evocations
  3722 | D        | Reached skill level 5 in Shields
  3738 | D        | Reached skill level 5 in Evocations
  3769 | D        | Got a decaying rune of Zot
  3773 | D        | Bought a potion of mutation for 112 gold pieces
  3780 | D        | Noticed an emperor scorpion
  3798 | D        | Killed an emperor scorpion
  3801 | D        | Killed a ghost moth
  3827 | D        | Reached XP level 15. HP: 174/174 MP: 3/14
  3836 | D        | Got a gossamer rune of Zot
  3909 | D        | Bought a scroll of enchant weapon for 90 gold pieces
  3909 | D        | Bought a scroll of summoning for 114 gold pieces
  3909 | D        | Bought a scroll of enchant armour for 90 gold pieces
  3909 | D        | Bought a scroll of acquirement for 624 gold pieces
  3909 | D        | Acquired 668 gold pieces
  3919 | D        | Noticed a nagaraja
  3919 | D        | Noticed a nagaraja
  3927 | D        | Killed a nagaraja
  3933 | D        | Killed a nagaraja
  3943 | D        | Noticed a nagaraja
  3960 | D        | Killed a nagaraja
  3961 | D        | Reached skill level 10 in Shields
  3961 | D        | Reached skill level 10 in Evocations
  3976 | D        | Got a serpentine rune of Zot
  4017 | D        | Noticed Ilsuiw
  4036 | D        | Killed Ilsuiw
  4086 | D        | Got a barnacled rune of Zot
  4162 | D        | Bought the amulet of Butchery {Reflect Str+3 Int+2 SH+5}
                  | for 665 gold pieces
  4179 | D        | Noticed Azrael
  4187 | D        | Killed Azrael
  4189 | D        | Noticed Agnes
  4204 | D        | Killed Agnes
  4224 | D        | Noticed Frederick
  4238 | D        | Killed Frederick
  4379 | D        | Reached skill level 15 in Evocations
  4412 | D        | Reached skill level 15 in Shields
  4475 | D        | Noticed a tentacled monstrosity
  4475 | D        | Noticed a tengu reaver
  4475 | D        | Noticed a fire giant
  4476 | D        | Noticed a vault warden
  4480 | D        | Killed a fire giant
  4487 | D        | Reached XP level 16. HP: 183/183 MP: 15/15
  4490 | D        | Killed a tentacled monstrosity
  4493 | D        | Killed a tengu reaver
  4508 | D        | Noticed a shadow dragon
  4513 | D        | Noticed a shadow dragon
  4516 | D        | Identified the +1 arbalest of Compound Interest {drain,
                  | rC+}
  4527 | D        | Killed a shadow dragon
  4534 | D        | Killed a shadow dragon
  4541 | D        | Noticed an Orb Guardian
  4555 | D        | Killed an Orb Guardian
  4609 | D        | Noticed a shadow dragon
  4609 | D        | Noticed a tentacled monstrosity
  4609 | D        | Noticed a quicksilver dragon
  4609 | D        | Noticed a shadow dragon
  4611 | D        | Noticed a lich
  4617 | D        | Killed a shadow dragon
  4617 | D        | Noticed a shadow dragon
  4619 | D        | Killed a tentacled monstrosity
  4620 | D        | Identified the +12 rapier "Baodib Guwo" {flame, MP+9}
  4625 | D        | Killed a quicksilver dragon
  4634 | D        | Killed a shadow dragon
  4635 | D        | Reached skill level 27 in Armour
  4637 | D        | Killed a lich
  4649 | D        | Killed a shadow dragon
  4658 | D        | Got a silver rune of Zot
  4682 | D        | Noticed Margery
  4697 | D        | Killed Margery
  4749 | D        | Noticed Frances
  4757 | D        | Killed Frances
  4787 | D        | Noticed Mara
  4791 | D        | Noticed 123456's illusion
  4792 | D        | Killed Mara
  4840 | D        | Got the ring "Amoroorch" {Str+4 Int+3 Slay+3}
  4864 | D        | Got the ring "Itiraydgh" {Fire Str-4 Int+3 Slay+6 SInv}
  4867 | D        | Got the amulet "Niqecwan" {Reflect Dex+5 SH+5}
  4870 | D        | Got the ring "Vuussup" {rPois rC+ rN++ Str-3 Slay+3}
  4873 | D        | Got the amulet "Kiafah" {Drain rPois rF++ Regen+ Int-5}
  4890 | D        | Got the +5 great mace of Tenacity {flame, rF++}
  5026 | D        | Noticed a shadow dragon
  5026 | D        | Noticed a caustic shrike
  5031 | D        | Killed a caustic shrike
  5035 | D        | Killed a shadow dragon
  5090 | D        | Noticed a golden dragon
  5090 | D        | Noticed a golden dragon
  5090 | D        | Noticed a golden dragon
  5093 | D        | Killed a golden dragon
  5099 | D        | Killed a golden dragon
  5103 | D        | Killed a golden dragon
  5106 | D        | Noticed a storm dragon
  5109 | D        | Reached XP level 17. HP: 191/191 MP: 16/16
  5132 | D        | Reached skill level 27 in Dodging
  5162 | D        | Noticed a tentacled monstrosity
  5168 | D        | Noticed a golden dragon
  5176 | D        | Killed a tentacled monstrosity
  5197 | D        | Killed a golden dragon
  5230 | D        | Noticed a quicksilver dragon
  5236 | D        | Killed a quicksilver dragon
  5271 | D        | Bought the +3 pair of mountain boots {steadfast, rC+} for
                  | 1206 gold pieces
  5271 | D        | Found the +3 pair of mountain boots {steadfast, rC+}
  5452 | D        | Noticed a tentacled monstrosity
  5458 | D        | Killed a tentacled monstrosity
  5602 | D        | Noticed an Orb Guardian
  5602 | D        | Noticed an Orb Guardian
  5602 | D        | Noticed an Orb Guardian
  5602 | D        | Noticed an Orb Guardian
  5602 | D        | Noticed an Orb Guardian
  5602 | D        | Noticed an Orb Guardian
  5605 | D        | Killed an Orb Guardian
  5610 | D        | Killed an Orb Guardian
  5613 | D        | Killed an Orb Guardian
  5614 | D        | Reached skill level 27 in Evocations
  5615 | D        | Killed an Orb Guardian
  5615 | D        | Noticed an Orb Guardian
  5620 | D        | Killed an Orb Guardian
  5622 | D        | Killed an Orb Guardian
  5623 | D        | Noticed an Orb Guardian
  5627 | D        | Killed an Orb Guardian
  5628 | D        | Reached skill level 27 in Shields
  5629 | D        | Killed an Orb Guardian
  5630 | D        | Noticed an Orb Guardian
  5637 | D        | Noticed an Orb Guardian
  5639 | D        | Killed an Orb Guardian
  5640 | D        | Reached skill level 1 in Throwing
  5643 | D        | Killed an Orb Guardian
  5665 | D        | Noticed an Orb Guardian
  5665 | D        | Noticed an Orb Guardian
  5665 | D        | Noticed a curse toe
  5666 | D        | Noticed an Orb Guardian
  5668 | D        | Noticed an Orb Guardian
  5669 | D        | Killed a curse toe
  5678 | D        | Reached skill level 10 in Stealth
  5680 | D        | Killed an Orb Guardian
  5685 | D        | Killed an Orb Guardian
  5696 | D        | Killed an Orb Guardian
  5701 | D        | Killed an Orb Guardian
  5804 | D        | Noticed an ancient lich
  5809 | D        | Killed an ancient lich
  5810 | D        | Reached skill level 15 in Stealth
  5810 | D        | Reached XP level 18. HP: 194/200 MP: 17/17
  5821 | D        | Noticed an orb of fire
  5824 | D        | Noticed an electric golem
  5828 | D        | Killed an electric golem
  5829 | D        | Noticed an electric golem
  5829 | D        | Noticed a tentacled monstrosity
  5829 | D        | Noticed an Orb Guardian
  5829 | D        | Noticed an ancient lich
  5837 | D        | Killed a tentacled monstrosity
  5841 | D        | Noticed an orb of fire
  5845 | D        | Noticed a curse toe
  5847 | D        | Killed an electric golem
  5847 | D        | Noticed an electric golem
  5849 | D        | Noticed a Killer Klown
  5850 | D        | Killed an ancient lich
  5851 | D        | Killed a Killer Klown
  5857 | D        | Killed an electric golem
  5892 | D        | Lost mutation: You are agile. (Dex +4, Str/Int -1) [an orb
                  | of fire]
  5895 | D        | Killed an orb of fire
  5926 | D        | Noticed an Orb Guardian
  5926 | D        | Noticed an Orb Guardian
  5926 | D        | Noticed an Orb Guardian
  5926 | D        | Noticed an Orb Guardian
  5926 | D        | Noticed an Orb Guardian
  5926 | D        | Noticed an Orb Guardian
  5927 | D        | Killed an Orb Guardian
  5928 | D        | Killed an Orb Guardian
  5929 | D        | Killed an Orb Guardian
  5930 | D        | Noticed an Orb Guardian
  5932 | D        | Killed an Orb Guardian
  5933 | D        | Noticed an Orb Guardian
  5936 | D        | Killed an Orb Guardian
  5937 | D        | Noticed an Orb Guardian
  5938 | D        | Noticed an Orb Guardian
  5939 | D        | Noticed an Orb Guardian
  5941 | D        | Killed an Orb Guardian
  5943 | D        | Killed an Orb Guardian
  5945 | D        | Killed an Orb Guardian
  5947 | D        | Killed an Orb Guardian
  5951 | D        | Killed an Orb Guardian
  5952 | D        | Killed an Orb Guardian
  6073 | D        | Noticed a lich
  6087 | D        | Killed a lich
  6199 | D        | Got an elven rune of Zot
  6266 | D        | Reached skill level 5 in Throwing
  6296 | D        | Noticed the Royal Jelly
  6310 | D        | Killed the Royal Jelly
  6355 | D        | Got a slimy rune of Zot
  6598 | D        | Noticed a royal mummy
  6598 | D        | Noticed a royal mummy
  6598 | D        | Noticed a royal mummy
  6598 | D        | Noticed a royal mummy
  6599 | D        | Noticed a royal mummy
  6609 | D        | Got a golden rune of Zot
  6619 | D        | Reached skill level 27 in Stealth
  6619 | D        | Noticed a bone dragon
  6639 | D        | Killed a bone dragon
  6652 | D        | Got an abyssal rune of Zot
  6802 | D        | Noticed Geryon
  6809 | D        | Killed Geryon
  6810 | D        | Reached skill level 10 in Throwing
  7645 | D        | Noticed Dispater
  7645 | D        | Noticed Lom Lobon
  7645 | D        | Noticed Mnoleg
  7646 | D        | Noticed a Hell Sentinel
  7658 | D        | Killed a royal mummy
  7668 | D        | Killed a royal mummy
  7672 | D        | Killed a royal mummy
  7678 | D        | Killed a royal mummy
  7698 | D        | Noticed Antaeus
  7759 | D        | Noticed a tentacled monstrosity
  7767 | D        | Noticed a tentacled monstrosity
  7783 | D        | Noticed a tentacled monstrosity
  7802 | D        | Killed Antaeus
  7804 | D        | Noticed a tentacled monstrosity
  9071 | D        | Noticed a tentacled monstrosity
  9075 | D        | Noticed a tentacled monstrosity
  9085 | D        | Gained mutation: You have hidden genetic defects. [Mnoleg's
                  | mutagenic touch]
  9094 | D        | Noticed a tentacled monstrosity
  9101 | D        | Killed Mnoleg
  9102 | D        | Reached skill level 15 in Throwing
  9229 | D        | Killed Lom Lobon
  9230 | D        | Reached XP level 19. HP: 139/207 MP: 18/18
 11943 | D        | Killed Dispater
 11946 | D        | Found the +6 sword of Cerebov {flame}
 11946 | D        | Noticed Cerebov
 12015 | D        | Noticed a Brimstone Fiend
 12034 | D        | Killed Cerebov
 12036 | D        | Gained mutation: Your body sometimes deteriorates upon
                  | taking damage. [hidden defects]
 12099 | D        | Noticed Gloorx Vloq
 12110 | D        | HP: 10/207 [??? (8)]
 12119 | D        | HP: 10/207 [Executioner[Gloorx Vloq] (4)]
 12672 | D        | Bought a condenser vane for 1600 gold pieces
 13070 | D        | HP: 10/207 [Gloorx Vloq] (11)]
 13070 | D        | HP: 2/207 [Executioner[Gloorx Vloq] (8)]
 13071 | D        | Upgraded the game from 0.30-a0-1116-gebefce21f7 to
                  | 0.30-a0-1157-g2cc9ac7196
 13079 | D        | Engulfed by Gloorx Vloq's foul pestilence

Illustrated notes

Levels and vault maps discovered:
D:        linesprint [early_d, line_temple, items_1, d_10, items_2, lair_1,
          lair_end, items_3, orc_1, orc_end, items_4, d_15, swamp_1, shoals_1,
          snake_1, spider_1, d_20, vaults_1, items_5, swamp_end, shoals_end,
          snake_end, spider_end, vaults_end, d_27, items_6, zot_1, zot_end,
          crypt_end, forest_end, elf_end, slime_end, tomb_end, abyss_end,
          pan_hell_end]

Skill      XL: |  1  2  3  4  5  6  7  8  9 10 11 12 13 14 15 16 17 18 19 |
---------------+----------------------------------------------------------+-----
Fighting       | 5 7 8 10 11 13 14 16 18 21 23 26 27 | 27.0
Maces & Flails | 4 6 8 9 11 12 14 16 18 21 23 26 27 | 27.0
Dodging        | 2 3 4 5 6 8 9 10 12 13 15 17 21 23 26 27 | 27.0
Armour         | 4 5 6 7 8 9 10 12 13 15 17 19 23 25 27 | 27.0
Evocations     | 8 16 22 27 | 27.0
Shields        | 8 15 21 27 | 27.0
Stealth        | 15 27 | 27.0
Throwing       | 3 17 21 | 21.8

Action                     |  1- 3 |  4- 6 |  7- 9 | 10-12 | 13-15 | 16-18 | 19-21 || total
---------------------------+-------+-------+-------+-------+-------+-------+-------++-------
  Melee: Flail             |    23 |     3 |       |       |       |       |       ||    26
         Headbutt          |     6 |     5 |    16 |    73 |   113 |   144 |    26 ||   383
         Dire flail        |       |    20 |    45 |   188 |       |       |       ||   253
         Morningstar       |       |       |       |   112 |   188 |       |       ||   300
         Punch             |       |       |       |     5 |       |       |       ||     5
         Great mace        |       |       |       |       |   268 |   561 |    68 ||   897
  Throw: Javelin           |       |       |       |       |       |     1 |       ||     1
 Invoke: Call Merchant     |       |       |       |     1 |     7 |     2 |     1 ||    11
         Bribe Branch      |       |       |       |     1 |       |     5 |       ||     6
         Potion Petition   |       |       |       |     1 |     1 |     4 |    10 ||    16
  Evoke: Wand              |       |       |       |       |     1 |       |       ||     1
         Horn of Geryon    |       |       |       |       |       |     3 |     2 ||     5
         Condenser vane    |       |       |       |       |       |       |     1 ||     1
    Use: Potion            |       |       |     4 |     4 |     1 |     5 |    15 ||    29
         Scroll            |       |       |     3 |     7 |     8 |       |     5 ||    23
   Stab: Distracted        |       |       |       |     4 |     6 |    15 |       ||    25
         Betrayed ally     |       |       |       |       |     1 |       |       ||     1
 Armour: Scale mail        |     6 |       |       |       |       |       |       ||     6
         Chain mail        |       |    11 |    15 |    22 |       |       |       ||    48
         Plate armour      |       |       |       |    70 |     7 |       |       ||    77
         Crystal plate arm |       |       |       |       |   181 |   256 |   112 ||   549
  Dodge: Dodged            |     6 |     9 |    12 |    95 |   218 |   276 |    72 ||   688
  Block: Buckler           |     4 |     1 |       |       |       |       |       ||     5
         Other             |       |       |       |    23 |    45 |    66 |    17 ||   151
         Kite shield       |       |       |       |       |    54 |       |       ||    54
         Reflection        |       |       |       |       |     2 |     1 |       ||     3

Table legend: (Time is in decaauts) A = Elapsed time spent in this place. B = Non-inter-level travel time spent in this place. C = Inter-level travel time spent in this place. D = Time resting spent in this place. E = Time spent auto-exploring this place. F = Levels seen in this place. G = Mean time per level. A B C D E F G +--------+--------+--------+--------+--------+-----+--------+ Total | 12647 | 9330 | 3317 | 3107 | 2154 | 1 | 12647.0 | Dungeon | 12647 | 9330 | 3317 | 3107 | 2154 | 1 | 12647.0 | +--------+--------+--------+--------+--------+-----+--------+

Top non-repeatable levels by time:
       D: 12647 daAuts
